 Dungeon Crawl Stone Soup version 0.29.0-11-gd7f09526c8 (webtiles) character file.

Game seed: 15505498618111376838

1359 AttackTheMoon the Trooper (level 8, 0/130 HPs)
             Began as an Ogre Fighter on Sept 3, 2022.
             Was a Believer of Trog.
             Slain by Blork the orc
             ... wielding a +0 halberd
              (18 damage)
             ... on level 5 of the Dungeon.
             The game lasted 00:07:42 (5834 turns).

AttackTheMoon the Trooper (Ogre Fighter)            Turns: 5834, Time: 00:07:43

Health: 0/130      AC:  3    Str: 23    XL:     8   Next: 64%
Magic:  8/8        EV:  9    Int: 18    God:    Trog [**....]
Gold:   165        SH:  8    Dex:  8    Spells: 7/7 levels left

rFire   x . .      SeeInvis .   a - +0 war axe (vorpal)
rCold   + . .      Faith    .   c - +0 kite shield
rNeg    . . .      Spirit   .   b - +0 robe
rPois   .          Reflect  .   (helmet restricted)
rElec   +          Harm     .   (no cloak)
rCorr   .          Rampage  .   (gloves unavailable)
Will    .....                   (boots unavailable)
Stlth   ..........              (no amulet)
HPRegen 0.31/turn               m - ring of the Sun {Ice rElec Int+3}
MPRegen 0.11/turn               e - +6 ring of intelligence

@: berserking (expiring), very quick
A: large, unfitting armour, tough skin 1
a: Renounce Religion, Berserk, Trog's Hand


You were on level 5 of the Dungeon.
You worshipped Trog.
Trog was pleased with you.
You visited 2 branches of the dungeon, and saw 6 of its levels.

You collected 165 gold pieces.

Inventory:

Hand Weapons
 a - a +0 vorpal war axe (weapon)
Missiles
 i - 6 javelins
Armour
 b - a +0 robe (worn)
 c - a +0 kite shield (worn)
Jewellery
 e - a +6 ring of intelligence (right hand)
 m - the ring of the Sun (left hand) {Ice rElec Int+3}
   (You found it on level 3 of the Dungeon)

   [ring of ice]

   It enhances your ice magic.
   Int:       It affects your intelligence (+3).
   rF:        It makes you vulnerable to fire.
   rC:        It protects you from cold.
   rElec:     It insulates you from electricity.
Wands
 j - a wand of paralysis (1) (quivered)
 p - a wand of quicksilver (18)
Scrolls
 k - 2 scrolls of fear
 q - 2 scrolls of identify
 r - a scroll of summoning
 s - a scroll of enchant weapon {unknown}
Potions
 d - a potion of cancellation
 f - a potion of attraction
 g - 3 potions of brilliance
 h - a potion of heal wounds
 l - a potion of mutation
 n - a potion of curing
 o - a potion of invisibility


   Skills:
 + Level 7.4 Fighting
 + Level 5.1 Axes
 + Level 3.5 Throwing
 + Level 5.0 Dodging
 + Level 5.6 Shields


You had 7 spell levels left.
You didn't know any spells.
Your spell library was empty.

Dungeon Overview and Level Annotations

Branches:
Dungeon (5/15)             Temple (1/1) D:4

Altars:
Dithmenos
Elyvilon
Fedhas
Gozag
Hepliaklqana
Makhleb
Qazlal
Ru
Trog
Uskayaw
Vehumet
Wu Jian
Xom
The Shining One

Annotations:
D:5 Blork the orc


Innate Abilities, Weirdness & Mutations

You are too large for most types of armour.
You have tough skin. (AC +1)


Message History

* * * LOW HITPOINT WARNING * * *
The white imp attacks as you move away! You block the white imp's attack.
Blork the orc begins to cast a cantrip, but forgets the words!
A red film seems to cover your vision as you go berserk!
You feel yourself moving faster!
You feel mighty! The ice beast hits you.
* * * LOW HITPOINT WARNING * * *
The ice beast freezes you! You resist.
* * * LOW HITPOINT WARNING * * *
You closely miss the ice beast. You block the ice beast's attack.
You closely miss the ice beast. You block the ice beast's attack.
You slice the ice beast!!
You kill the ice beast!
Trog accepts your kill.
Your Axes skill increases to level 5!
Your Dodging skill increases to level 5!
Okay, then.
You closely miss the white imp. The white imp gestures at you.
The puff of frost hits you. You resist.
* * * LOW HITPOINT WARNING * * *
Blork the orc completely misses you.
You slash the white imp!
You kill the white imp!
Trog accepts your kill.
You can now call upon Trog for regeneration and willpower.
Blork the orc hits you from afar with a +0 halberd!
* * * LOW HITPOINT WARNING * * *
You slash the ogre!
You kill the ogre!
Trog accepts your kill. You block Blork the orc's attack.
You block Blork the orc's attack.
Things that are here:
a +0 giant club; an ogre corpse You feel a strong urge to attack something.
Blork the orc barely misses you.
You slash Blork the orc!
Blork the orc is moderately wounded.
Blork the orc hits you with a +0 halberd!!
You die...

..# #.# . #.#
##########
.##.####....)@..# .
..#.##......#o..# ...
#.#.##.....##...#....
#.#.#......##...'....
#.#.รท....####...#....
#.#.###### #...##...
#..[# #...# #?. ##..#
#...# ## #..# #...#


You could see Blork the orc (fast).

Vanquished Creatures
  Grinder (D:4)
  Sigmund (D:2)
  2 black bears (D:4)
  An ice beast (D:5)
  2 ogres
  2 necrophages (D:5)
  A howler monkey (D:4)
  3 hounds
  A jelly (D:5)
  An orc priest (D:3)
  2 iguanas
  Robin (D:3)
  3 gnolls
  3 adders
  2 white imps
  An ufetubus (D:5)
  4 worms
  2 dart slugs
  9 orcs
  6 endoplasms
  5 giant cockroaches
  7 hobgoblins
  2 jackals (D:1)
  3 quokkas
  8 ball pythons
  8 bats
  5 frilled lizards
  20 goblins
  11 kobolds
  10 rats
127 creatures vanquished.

Vanquished Creatures (collateral kills)
  A goblin (D:3)
  A hobgoblin (D:3)
2 creatures vanquished.

Grand Total: 129 creatures vanquished

Notes
Turn   | Place    | Note
-------+----------+-------------------------------------------
     0 | D:1      | AttackTheMoon the Ogre Fighter began the quest for the Orb.
     0 | D:1      | Reached XP level 1. HP: 24/24 MP: 1/1
   111 | D:1      | Reached XP level 2. HP: 32/32 MP: 2/2
   767 | D:1      | Reached XP level 3. HP: 40/40 MP: 3/3
  1288 | D:2      | Noticed Sigmund
  1295 | D:2      | Killed Sigmund
  1296 | D:2      | Reached skill level 5 in Fighting
  1296 | D:2      | Reached XP level 4. HP: 23/50 MP: 4/4
  1296 | D:2      | Reached XP level 5. HP: 26/57 MP: 5/5
  1679 | D:2      | Reached XP level 6. HP: 66/66 MP: 6/6
  1698 | D:2      | Found a faded altar of an unknown god.
  2354 | D:3      | Found a stormy altar of Qazlal.
  2386 | D:3      | Noticed a moth of wrath
  2389 | D:3      | Found a bloodstained altar of Trog.
  2662 | D:3      | Became a worshipper of Trog the Wrathful
  2783 | D:3      | Found a hide-covered altar of Uskayaw.
  2792 | D:3      | Identified the ring of the Sun {Ice rElec Int+3}
  2879 | D:3      | Reached skill level 1 in Throwing
  2987 | D:3      | Noticed Robin
  2994 | D:3      | Reached * piety under Trog
  2999 | D:3      | Killed Robin
  3543 | D:4      | Reached XP level 7. HP: 70/74 MP: 7/7
  3719 | D:4      | Reached skill level 6 in Fighting
  3894 | D:4      | Found a staircase to the Ecumenical Temple.
  3956 | D:4      | Noticed Grinder
  4243 | D:4      | Paralysed by Grinder for 4 turns
  4253 | D:4      | Killed Grinder
  4254 | D:4      | Reached skill level 5 in Shields
  4254 | D:4      | Reached XP level 8. HP: 84/84 MP: 8/8
  4259 | Temple   | Entered the Ecumenical Temple
  4688 | D:4      | Found a hazy altar of Hepliaklqana.
  4988 | D:5      | Entered Level 5 of the Dungeon
  5004 | D:4      | Reached ** piety under Trog
  5603 | D:5      | Reached skill level 7 in Fighting
  5812 | D:5      | Noticed Blork the orc
  5829 | D:5      | Reached skill level 5 in Axes
  5829 | D:5      | Reached skill level 5 in Dodging
  5834 | D:5      | Slain by Blork the orc

Illustrated notes

Levels and vault maps discovered:
D:1:      psy_arrival_dodecagon, layout_basic
D:2:      layout_loops_ring, chequers_ecumenical_altar_twisty, uniq_sigmund
D:3:      layout_rooms, nicolae_qazlal_eye_of_the_storm,
          mainiacjoe_overflow_small_starburst, tgw_trog, uniq_robin
D:4:      layout_cave_pods, lemuel_tele_altar, minmay_temple_entry_antechambers,
          uniq_grinder
D:5:      minmay_opposing_rooms, layout_rooms, serial_shops, shop,
          corner_web_ring, uniq_edmund, uniq_blork_the_orc
Temple:   hellmonk_temple_beads

Skill      XL: |  1  2  3  4  5  6  7  8 |
---------------+-------------------------+-----
Dodging        | 3 4 5 |  5.0
Fighting       | 5 6 7 |  7.4
Axes           | 3 4 5 |  5.1
Shields        | 4 5 |  5.6
Throwing       | 1 2 3 |  3.5

Action                   |  1- 3 |  4- 6 |  7- 9 || total
-------------------------+-------+-------+-------++-------
Melee: War axe           |   106 |   138 |   139 ||   383
Throw: Javelin           |       |     4 |     3 ||     7
Invok: Berserk           |       |       |     4 ||     4
Evoke: Wand              |       |       |     2 ||     2
  Use: Scroll            |     6 |     6 |     4 ||    16
       Potion            |       |     2 |       ||     2
 Stab: Sleeping          |       |     1 |       ||     1
       Paralysed         |       |       |     4 ||     4
Armor: Robe              |    32 |    40 |    34 ||   106
Dodge: Dodged            |    32 |    41 |    92 ||   165
Block: Kite shield       |    47 |    67 |    80 ||   194
